 Dungeon Crawl Stone Soup version 0.31-a0-152-g6aa68a64a1 (webtiles) character file.

Game seed: 7785070294435227983

99 qw the Shooter (level 4, -3/42 HPs)
             Began as a Naga Hunter on June 9, 2023.
             Slain by a water moccasin (9 damage)
             ... on level 3 of the Dungeon.
             The game lasted 00:00:44 (2006 turns).

qw the Shooter (Naga Hunter)                        Turns: 2006, Time: 00:00:44

Health: -3/42      AC:  2    Str: 13    XL:     4   Next: 72%
Magic:  4/4        EV:  9    Int:  9    God:
Gold:   51         SH:  0    Dex: 17    Spells: 3/3 levels left

rFire   + . .        Y - +1 shortbow
rCold   . . .        (shield currently unavailable)
rNeg    . . .        c - +0 leather armour
rPois   +            (no helmet)
rElec   .            (no cloak)
rCorr   .            (no gloves)
SInv    +            (no barding)
Will    .....        (no amulet)
Stlth   ++           g - ring of protection from fire
HPRegen 0.27/turn    (no ring)
MPRegen 0.09/turn

%: no passive effects
@: very slow
A: AC +1, large, see invisible, deformed body, poison resistance, slowness 2,
spit poison 1, naga tail 1
a: Spit Poison


You were on level 3 of the Dungeon.
You visited 1 branch of the dungeon, and saw 3 of its levels.

You collected 96 gold pieces.
You spent 45 gold pieces at shops.


Innate Abilities, Weirdness & Mutations

Your serpentine skin is tough. (AC +1)
You have supernaturally acute eyesight. (SInv)
Armour fits poorly on your strangely shaped body.
Your system is resistant to poisons. (rPois)
You cover ground very slowly.
You can spit poison.
You have a snake-like lower body.


   Skills:
 - Level 3.0 Fighting
 + Level 5.0 Ranged Weapons
 - Level 1.5 Dodging
 - Level 1.5 Stealth


You had 3 spell levels left.
You didn't know any spells.
Your spell library was empty.

Inventory:

Hand Weapons
 Y - a +1 shortbow (weapon)
Armour
 c - a +0 leather armour (worn)
 f - a +0 pair of gloves
Jewellery
 g - a ring of protection from fire (left hand)
Scrolls
 a - 2 scrolls of identify
 b - a scroll of enchant armour
Potions
 d - a potion of haste
 e - a potion of berserk rage {unknown}
 h - 2 potions of curing {unknown}

Dungeon Overview and Level Annotations

Branches:
Dungeon (3/15)

Altars:
Yredelemnul

Shops:
D:3 [


Message History

Enter note:
Enter note:
Enter note:
Enter note: You shoot an arrow.
The arrow barely misses the water moccasin.
You shoot an arrow. The arrow hits the water moccasin.
The water moccasin is lightly wounded.
You shoot an arrow. The arrow misses the water moccasin.
You shoot an arrow. The arrow misses the water moccasin.
The water moccasin closely misses you. The water moccasin bites you!
You shoot an arrow.
The arrow closely misses the water moccasin.
The water moccasin bites you. The water moccasin closely misses you.
You shoot an arrow. The arrow hits the water moccasin.
The water moccasin is moderately wounded.
The water moccasin barely misses you.
You shoot an arrow.
The arrow closely misses the water moccasin.
The water moccasin barely misses you.
The water moccasin bites you but does no damage.
You shoot an arrow.
The arrow closely misses the water moccasin.
The water moccasin bites you. x2
You shoot an arrow. The arrow hits the water moccasin.
The water moccasin is moderately wounded.
The water moccasin bites you!
The water moccasin bites you but does no damage.
You shoot an arrow. The arrow hits the water moccasin!
The water moccasin is heavily wounded.
The water moccasin closely misses you.
You shoot an arrow.
The arrow closely misses the water moccasin.
The water moccasin bites you but does no damage. x2
You shoot an arrow. The arrow hits the water moccasin.
The water moccasin is severely wounded.
The water moccasin bites you! x2
You shoot an arrow. The arrow misses the water moccasin.
The water moccasin bites you!
You die...

....#########
##.##7.....7##
..##.........##
###...........##
##......#......##
#.....#####.....##
.....## ##.....#
....## ##..%.7#
...## ##..@.# ...#
#..S.# ..## ##...#
...# ....# ...#
#....# ....#
....7# .....#
..^..# #.....
.....## #....


You could see a water moccasin.

Vanquished Creatures
  3 adders
  2 worms
  3 orcs (D:2)
  4 ball pythons
  10 bats
  4 endoplasms
  3 giant cockroaches
  6 goblins
  9 hobgoblins
  4 jackals (D:1)
  2 kobolds (D:1)
  2 quokkas
  2 frilled lizards
  3 rats
57 creatures vanquished.

Notes
Turn   | Place    | Note
-------+----------+-------------------------------------------
     0 | D:1      | qw the Naga Hunter began the quest for the Orb.
     0 | D:1      | Reached XP level 1. HP: 19/19 MP: 1/1
     0 | D:1      | 0 ||| qw: Version: 0.2-a-122-gbc61b45
     0 | D:1      | 0 ||| qw: Game counter: 3412
     0 | D:1      | 0 ||| qw: Always use a shield: true
     0 | D:1      | 0 ||| qw: God list: Okawaru
     0 | D:1      | 0 ||| qw: Allow faded altars: false
     0 | D:1      | 0 ||| qw: Do Orc after D:15 true
     0 | D:1      | 0 ||| qw: Do second Lair branch before Depths: true
     0 | D:1      | 0 ||| qw: Lair rune preference: random
     0 | D:1      | 0 ||| qw: Plans: Normal
     0 | D:1      | 0 ||| PLANNING D:1-11
    30 | D:1      | 30 ||| INVOKING Spit Poison.
    35 | D:1      | 35 ||| INVOKING Spit Poison.
    40 | D:1      | 40 ||| INVOKING Spit Poison.
   104 | D:1      | 104 ||| INVOKING Spit Poison.
   106 | D:1      | Reached skill level 4 in Ranged Weapons
   106 | D:1      | Reached XP level 2. HP: 26/26 MP: 2/2
   112 | D:1      | 112 ||| INVOKING Spit Poison.
   166 | D:1      | 166 ||| INVOKING Spit Poison.
   173 | D:1      | 173 ||| INVOKING Spit Poison.
   205 | D:1      | 205 ||| INVOKING Spit Poison.
   209 | D:1      | 209 ||| INVOKING Spit Poison.
   247 | D:1      | 247 ||| INVOKING Spit Poison.
   381 | D:1      | 381 ||| INVOKING Spit Poison.
   393 | D:1      | 393 ||| INVOKING Spit Poison.
   397 | D:1      | 397 ||| INVOKING Spit Poison.
   422 | D:1      | 422 ||| INVOKING Spit Poison.
   426 | D:1      | Reached XP level 3. HP: 32/32 MP: 3/3
   427 | D:1      | 427 ||| INVOKING Spit Poison.
   432 | D:1      | 432 ||| INVOKING Spit Poison.
   457 | D:1      | 457 ||| INVOKING Spit Poison.
   538 | D:1      | 538 ||| INVOKING Spit Poison.
   541 | D:1      | 541 ||| INVOKING Spit Poison.
   580 | D:1      | 580 ||| INVOKING Spit Poison.
   599 | D:1      | 599 ||| INVOKING Spit Poison.
   611 | D:1      | 611 ||| INVOKING Spit Poison.
   659 | D:1      | 659 ||| INVOKING Spit Poison.
   744 | D:1      | 744 ||| UPGRADING to ring of protection from fire.
   745 | D:1      | 745 ||| READING 2 scrolls labelled MIADODWEGH.
   746 | D:1      | 746 ||| READING scroll labelled DEDAKHL PUITT.
   747 | D:1      | 747 ||| READING scroll labelled HYISUSI OQE YRO.
   748 | D:1      | 748 ||| READING scroll labelled ROYLLA NIJO QUANO.
   749 | D:1      | 749 ||| DROPPING scroll of butterflies.
   819 | D:2      | 819 ||| INVOKING Spit Poison.
   824 | D:2      | 824 ||| INVOKING Spit Poison.
   904 | D:2      | 904 ||| INVOKING Spit Poison.
  1005 | D:2      | 1005 ||| INVOKING Spit Poison.
  1008 | D:2      | 1008 ||| INVOKING Spit Poison.
  1067 | D:2      | 1067 ||| INVOKING Spit Poison.
  1110 | D:2      | 1110 ||| INVOKING Spit Poison.
  1114 | D:2      | 1114 ||| INVOKING Spit Poison.
  1175 | D:2      | 1175 ||| INVOKING Spit Poison.
  1272 | D:2      | 1272 ||| INVOKING Spit Poison.
  1274 | D:2      | Reached skill level 5 in Ranged Weapons
  1274 | D:2      | Reached XP level 4. HP: 39/39 MP: 4/4
  1326 | D:2      | 1326 ||| INVOKING Spit Poison.
  1332 | D:2      | 1332 ||| INVOKING Spit Poison.
  1432 | D:2      | 1432 ||| INVOKING Spit Poison.
  1435 | D:2      | 1435 ||| INVOKING Spit Poison.
  1503 | D:2      | Found a basalt altar of Yredelemnul.
  1535 | D:2      | 1535 ||| INVOKING Spit Poison.
  1568 | D:2      | 1568 ||| INVOKING Spit Poison.
  1669 | D:2      | 1669 ||| READING scroll labelled FUUCLY YNLUNON.
  1670 | D:2      | 1670 ||| READING scroll labelled YSMEAGGUO SEILAMNO.
  1671 | D:2      | 1671 ||| DRINKING 2 pink potions.
  1716 | D:2      | 1716 ||| READING 3 scrolls of identify.
  1716 | D:2      | 1716 ||| IDENTIFYING fizzy silvery potion
  1717 | D:2      | 1717 ||| READING 2 scrolls of identify.
  1717 | D:2      | 1717 ||| IDENTIFYING metallic dark potion
  1718 | D:2      | 1718 ||| DROPPING potion of invisibility.
  1719 | D:2      | 1719 ||| DROPPING potion of lignification.
  1807 | D:3      | 1807 ||| INVOKING Spit Poison.
  1852 | D:3      | 1852 ||| INVOKING Spit Poison.
  1896 | D:3      | Found Ydaemit's Armour Emporium.
  1905 | D:3      | 1905 ||| BUYING +0 pair of gloves (45 gold).
  1905 | D:3      | Bought a +0 pair of gloves for 45 gold pieces
  1905 | D:3      | 1905 ||| SHOPLISTING +2 leather armour of Fuxzuagu {rPois
                  | Will+} (288 gold, have 51).
  1905 | D:3      | 1905 ||| SHOPLISTING +4 robe of the Alphagorgon {rPois rN+}
                  | (361 gold, have 51).
  1933 | D:3      | 1933 ||| INVOKING Spit Poison.
  1936 | D:3      | 1936 ||| INVOKING Spit Poison.
  1964 | D:3      | 1964 ||| INVOKING Spit Poison.
  1986 | D:3      | 1986 ||| INVOKING Spit Poison.
  1988 | D:3      | Reached skill level 3 in Fighting
  1993 | D:3      | Noticed a water moccasin
  2005 | D:3      | HP: 6/42 [water moccasin (7)]
  2006 | D:3      | Slain by a water moccasin

Levels and vault maps discovered:
D:1:      enne_arrival_octagon_isle, layout_loops_ring, skrybe_limestone_x,
          minmay_tall_x
D:2:      layout_loops_corners, basic_altar, guppyfry_early_orc_mine
D:3:      layout_loops_corners, general_overflow_altar, serial_shops,
          nicolae_square_shop, kennysheep_donut

Skill      XL: |  1  2  3  4 |
---------------+-------------+-----
Ranged Weapons | 4 5 |  5.0
Fighting       | 3 |  3.0
Dodging        | |  1.5
Stealth        | |  1.5

Action                     |  1- 3 |  4- 6 || total
---------------------------+-------+-------++-------
   Fire: Shortbow          |    79 |    33 ||   112
Ability: Spit Poison       |    33 |    12 ||    45
    Use: Scroll            |     4 |     4 ||     8
         Potion            |       |     1 ||     1
 Armour: Leather armour    |     7 |     5 ||    12
  Dodge: Dodged            |    31 |     5 ||    36

Table legend:
 A = Non-vault XP
 B = Vault XP
 C = Vault XP percentage of total XP
 D = Non-vault monster count
 E = Vault monster count
 F = Vault count percentage of total count
                 A         B        C        D         E       F
            +---------+---------+-------+---------+---------+-------
      Total |     118 |      24 |  16.9 |      46 |      11 |  19.3
            +---------+---------+-------+---------+---------+-------
        D:1 |      39 |       7 |  15.2 |      25 |       4 |  13.8
        D:2 |      40 |      17 |  29.8 |      14 |       7 |  33.3
        D:3 |      39 |       0 |   0.0 |       7 |       0 |   0.0
            +---------+---------+-------+---------+---------+-------
